 Dungeon Crawl Stone Soup version 0.21-a0-507-ga8f6b7a (webtiles) character file.

2683 zero the Covert (level 9, -2/39 HPs)
             Began as a Spriggan Enchanter on Nov 27, 2017.
             Was a Follower of Makhleb.
             Slain by an orc warrior
             ... wielding a +0 halberd
              (24 damage)
             ... on level 7 of the Dungeon.
             The game lasted 00:18:43 (8297 turns).

zero the Covert (Spriggan Enchanter)                Turns: 8297, Time: 00:18:44

Health: -2/39      AC:  7    Str:  4    XL:     9   Next: 37%
Magic:  0/30       EV: 18    Int: 19    God:    Makhleb [*.....]
Gold:   173        SH:  0    Dex: 17    Spells: 6/23 levels left

rFire    . . .     SeeInvis +   m - +2 dagger (venom)
rCold    . . .     Gourm    .   (shield restricted)
rNeg     + . .     Faith    .   t - +2 robe {rN+}
rPois    .         Spirit   +   (helmet restricted)
rElec    .         Reflect  .   s - +2 cloak {MR+}
rCorr    .         Harm     .   (gloves unavailable)
MR       ++...                  (boots unavailable)
Stlth    +++++.....             i - amulet of guardian spirit
HPRegen  0.13/turn              l - ring of wizardry
MPRegen  0.22/turn              b - ring of magical power (curse)

@: very slightly contaminated, very quick
A: very small, unfitting armour, see invisible, herbivore 3, speed 3, slow
metabolism 2
a: Renounce Religion


You were on level 7 of the Dungeon.
You worshipped Makhleb.
Makhleb was aware of your devotion.
You were not hungry.

You visited 2 branches of the dungeon, and saw 8 of its levels.

You collected 349 gold pieces.
You spent 176 gold pieces at shops.

Inventory:

Hand Weapons
 m - a +2 dagger of venom (weapon)
Missiles
 D - a throwing net (quivered)
Armour
 s - a +2 cloak of magic resistance (worn)
 t - a +2 robe of positive energy (worn)
Jewellery
 b - a cursed ring of magical power (right hand)
 i - an amulet of guardian spirit (around neck)
 l - a ring of wizardry (left hand)
 q - an uncursed ring of resist corrosion
 r - a +6 ring of strength
Scrolls
 e - 2 scrolls of remove curse
 h - a scroll of enchant weapon
 j - 3 scrolls of immolation
 p - a scroll of fear
 v - 3 scrolls of teleportation
Potions
 g - 2 potions of haste
 k - 3 potions of brilliance
 n - a potion of magic {unknown}
 o - 4 potions of curing {unknown}
 u - a potion of cancellation {unknown}
 w - a potion of lignification {unknown}
 z - a potion of flight {unknown}
 B - a potion of heal wounds
 C - a potion of agility {unknown}
Books
 c - a book of Maledictions

   Spells                             Type                      Level
   a - Corona                         Hexes                        1
   b - Ensorcelled Hibernation        Hexes/Ice                    2
   c - Confuse                        Hexes                        3
   d - Tukima's Dance                 Hexes                        3
   e - Dazzling Spray                 Conjuration/Hexes            3
 x - a book of Geomancy

   Spells                             Type                      Level
   a - Sandblast                      Earth                        1
   b - Passwall                       Transmutation/Earth          2
   c - Stone Arrow                    Conjuration/Earth            3
   d - Petrify                        Transmutation/Earth          4
   e - Lee's Rapid Deconstruction     Earth                        5
Comestibles
 a - 2 fruits
 d - 2 bread rations
 f - a royal jelly


   Skills:
 - Level 5.6 Short Blades
 - Level 3.0 Dodging
 - Level 10.1 Stealth
 + Level 7.6 Spellcasting
 + Level 2.1 Conjurations
 + Level 7.9 Hexes
 * Level 3.8 Earth Magic
 + Level 1.5 Invocations


You had 6 spell levels left.
You knew the following spells:

 Your Spells              Type           Power        Failure   Level  Hunger
a - Corona                Hex            #####..      1%          1    None
b - Ensorcelled Hibernat  Hex/Ice        ###...       1%          2    None
c - Confuse               Hex            #####...     1%          3    #......
d - Tukima's Dance        Hex            #####...     1%          3    #......
e - Stone Arrow           Conj/Erth      ###...       3%          3    #......
f - Lee's Rapid Deconstr  Erth           ###.......   21%         5    #####..


Dungeon Overview and Level Annotations

Branches:
Dungeon (7/15)             Temple (1/1) D:5

Altars:
Ashenzari
Cheibriados
Dithmenos
Elyvilon
Gozag
Hepliaklqana
Kikubaaqudgha
Makhleb
Nemelex Xobeh
Okawaru
Ru
Sif Muna
Uskayaw
Vehumet
Wu Jian
Xom
Yredelemnul
Zin
The Shining One

Shops:
D:6 =[[([

Annotations:
D:2 Natasha
D:3 Robin


Innate Abilities, Weirdness & Mutations

You are very small and have problems with some larger weapons.
You are too small for most types of armour.
You have supernaturally acute eyesight. (SInv)
You are a herbivore.
You cover ground extremely quickly.
You need consume almost no food.


Message History

You hit the orc warrior but do no damage.
The orc warrior is poisoned.
You hit the orc warrior.
The orc warrior looks as sick as possible!
The orc warrior is lightly wounded.
You hit the orc warrior but do no damage.
The orc warrior looks as sick as possible!
The orc warrior is lightly wounded.
You strike the helpless orc warrior from behind!
You impale the orc warrior!!
The orc warrior looks as sick as possible!
The orc warrior is almost dead.
The orc warrior misses the orc.
The orc hits you with a dagger.
You hit the orc warrior but do no damage.
The orc warrior looks as sick as possible!
The orc warrior is almost dead.
The orc hits you but does no damage.
The orc warrior hits you with a halberd!!
Ouch! That really hurt!
You die...

##....#..#.# #.###.# #
......#..#.######.###.####
......$...†...............
..#.#.#..#...$........####
......#).########..#######
............)....Y†....... #
?..####..#####....).######
... #)..)....##...# ##
.....#####o@########..## #.
...........o# #.......# #.
.............# #.###...# #.
.............# #...# #.
#.............##.###...####.
###+#########........<......
..#.###.#.####. #... #.#.#
#. ## #.#.#


You could see an orc warrior (confused) and an orc.

Vanquished Creatures
  The ghost of zero the Covert, a novice SpEn (D:5)
  Grinder (D:3)
  Prince Ribbit (D:6)
  Sigmund (D:2)
  Purgy (D:3)
  2 black bears (D:6)
  An ice beast (D:6)
  2 phantoms
  An ogre (D:4)
  2 bullfrogs (D:6)
  8 wights
  2 howler monkeys (D:7)
  2 crimson imps
  A jelly (D:7)
  3 hounds
  Crazy Yiuf (D:3)
  2 orc priests
  4 orc wizards
  A gnoll shaman (D:5)
  Natasha (D:2)
  Terence (D:2)
  3 iguanas
  A worker ant (D:5)
  4 gnolls (D:5)
  6 adders
  A shadow imp (D:6)
  An ooze (D:4)
  2 adder skeletons
  A worm (D:3)
  4 leopard geckos
  28 orcs
  6 bats
  4 giant cockroaches
  11 goblins
  10 hobgoblins
  10 kobolds
  3 quokkas
  A frilled lizard (D:4)
  A leopard gecko skeleton (D:5)
  A quokka skeleton (D:6)
  8 rats
145 creatures vanquished.

Notes
Turn   | Place    | Note
-------+----------+-------------------------------------------
     0 | D:1      | zero the Spriggan Enchanter began the quest for the Orb.
     0 | D:1      | Reached XP level 1. HP: 9/9 MP: 5/5
   159 | D:1      | Reached skill level 5 in Stealth
   311 | D:1      | Reached XP level 2. HP: 13/13 MP: 6/6
   456 | D:1      | Learned a level 2 spell: Ensorcelled Hibernation
  1180 | D:2      | Reached skill level 6 in Stealth
  1213 | D:2      | Reached XP level 3. HP: 14/16 MP: 5/8
  1375 | D:2      | Noticed Natasha
  1390 | D:2      | Killed Natasha
  1390 | D:2      | Reached skill level 7 in Stealth
  1568 | D:2      | Noticed Terence
  1578 | D:2      | Killed Terence
  1578 | D:2      | Reached skill level 8 in Stealth
  1578 | D:2      | Reached XP level 4. HP: 18/21 MP: 2/9
  1744 | D:2      | Noticed Sigmund
  1751 | D:2      | Killed Sigmund
  1751 | D:2      | Reached XP level 5. HP: 24/24 MP: 10/10
  1809 | D:2      | Found an ancient bone altar of Kikubaaqudgha.
  1821 | D:2      | Noticed Natasha
  2148 | D:3      | Reached XP level 6. HP: 28/28 MP: 11/11
  2176 | D:3      | Noticed Robin
  2310 | D:3      | Found a runed door.
  2469 | D:3      | Noticed Purgy
  2477 | D:3      | Killed Purgy
  2477 | D:3      | Reached skill level 5 in Short Blades
  3185 | D:3      | Noticed Grinder
  3214 | D:3      | Paralysed by Grinder for 4 turns
  3226 | D:3      | Paralysed by Grinder for 5 turns
  3228 | D:3      | Killed Grinder
  3228 | D:3      | Reached XP level 7. HP: 23/32 MP: 10/14
  3425 | D:3      | Noticed Crazy Yiuf
  3429 | D:3      | Killed Crazy Yiuf
  3429 | D:3      | Reached skill level 5 in Hexes
  3566 | D:4      | Learned a level 3 spell: Confuse
  3570 | D:4      | Learned a level 3 spell: Tukima's Dance
  4386 | D:4      | Reached skill level 5 in Spellcasting
  4833 | D:4      | Reached XP level 8. HP: 36/36 MP: 17/17
  5090 | D:4      | Found a shadowy altar of Dithmenos.
  5317 | D:5      | Entered Level 5 of the Dungeon
  5383 | D:5      | Found a staircase to the Ecumenical Temple.
  5528 | Temple   | Entered the Ecumenical Temple
  5655 | Temple   | Became a worshipper of Makhleb the Destroyer
  5739 | D:5      | Noticed zero's ghost (novice SpEn)
  5757 | D:5      | Killed zero's ghost
  5757 | D:5      | Reached skill level 9 in Stealth
  5795 | D:5      | Found a snail-covered altar of Cheibriados.
  6172 | D:5      | Reached skill level 10 in Stealth
  6379 | D:5      | Learned a level 3 spell: Stone Arrow
  6385 | D:5      | Learned a level 5 spell: Lee's Rapid Deconstruction
  6623 | D:5      | Found an opulent altar of Gozag.
  6625 | D:5      | Found an iron altar of Okawaru.
  6629 | D:5      | Found a glowing silver altar of Zin.
  6630 | D:5      | Found a hide-covered altar of Uskayaw.
  6630 | D:5      | Found an ancient bone altar of Kikubaaqudgha.
  6630 | D:5      | Found a glowing golden altar of the Shining One.
  6633 | D:5      | Found a basalt altar of Yredelemnul.
  6730 | D:6      | Found Gakuorgh's Armour Shoppe.
  6739 | D:6      | Found Qeihuyxe's Weapon Boutique.
  6776 | D:6      | Reached skill level 1 in Earth Magic
  6962 | D:6      | Found Topnias's Armour Shoppe.
  6969 | D:6      | Reached skill level 1 in Conjurations
  7172 | D:6      | Found Tifil's Jewellery Shop.
  7181 | D:6      | Reached * piety under Makhleb
  7332 | D:6      | Found a sparkling altar of Nemelex Xobeh.
  7348 | D:6      | Noticed Prince Ribbit
  7352 | D:6      | Killed Prince Ribbit
  7352 | D:6      | Reached XP level 9. HP: 39/39 MP: 20/20
  7891 | D:6      | Found Fufasonybir's Armour Shop.
  7894 | D:6      | Bought a +2 robe of positive energy for 176 gold pieces
  8199 | D:7      | Reached skill level 1 in Invocations
  8297 | D:7      | Slain by an orc warrior

Vault maps used:
D:1:      lemuel_arrival_hallway
D:2:      hangedman_decor_opposing, lemuel_statue_altar, uniq_terence,
          uniq_sigmund, uniq_natasha
D:3:      minmay_fountain_box, uniq_purgy, uniq_robin, uniq_grinder,
          uniq_crazy_yiuf_cottage
D:4:      kennysheep_big_flooded_room, first_bread, grunt_dithmenos_shadows
D:5:      minitemple, lemuel_crystal_altar, minmay_temple_entry_glass
D:6:      nicolae_overflow_crystal_walls, serial_shops, kennysheep_mini,
          nicolae_shop_competitors_out_of_business, shop, shop,
          nicolae_shop_trees, uniq_prince_ribbit1
Temple:   nicolae_temple_figure_zero

Skill      XL: |  1  2  3  4  5  6  7  8  9 |
---------------+----------------------------+-----
Stealth        | 5 6 8 10 | 10.1
Short Blades   | 4 5 |  5.6
Spellcasting   | 4 5 7 |  7.6
Hexes          | 4 6 7 |  7.9
Earth Magic    | 2 3 |  3.8
Conjurations   | 1 2 |  2.1
Invocations    | 1 |  1.5
Dodging        | |  3.0

Action                   |  1- 3 |  4- 6 |  7- 9 || total
-------------------------+-------+-------+-------++-------
Melee: Dagger            |    54 |    76 |   307 ||   437
 Cast: Corona            |     6 |    11 |    25 ||    42
       Ensorcelled Hiber |     9 |     9 |    64 ||    82
       Confuse           |       |       |    27 ||    27
  Use: Potion            |     3 |       |       ||     3
       Scroll            |       |       |    12 ||    12
 Stab: Sleeping          |    14 |    15 |    35 ||    64
       Confused          |       |       |    16 ||    16
       Distracted        |       |       |     3 ||     3
  Eat: Royal jelly       |       |     1 |     1 ||     2
       Bread ration      |       |       |     1 ||     1
Armor: Robe              |     3 |     4 |    40 ||    47
Dodge: Dodged            |    38 |    47 |   248 ||   333

Table legend:
 A = Spawn XP
 B = Non-spawn XP
 C = Spawn XP percentage of total XP
 D = Spawn monster count
 E = Non-spawn monster count
 F = Spawn count percentage of total count
 G = Total turns spent on level
                    A         B        C        D         E        F      G
               +---------+---------+-------+---------+---------+-------+---------
         Total |       0 |    3833 |   0.0 |       0 |     145 |   0.0 |  8297
               +---------+---------+-------+---------+---------+-------+---------
           D:1 |       0 |      24 |   0.0 |       0 |      15 |   0.0 |  1176
           D:2 |       0 |     353 |   0.0 |       0 |      14 |   0.0 |   920
           D:3 |       0 |     522 |   0.0 |       0 |      31 |   0.0 |  1386
           D:4 |       0 |     659 |   0.0 |       0 |      21 |   0.0 |  1835
           D:5 |       0 |     572 |   0.0 |       0 |      23 |   0.0 |  1437
           D:6 |       0 |    1221 |   0.0 |       0 |      30 |   0.0 |  1216
           D:7 |       0 |     482 |   0.0 |       0 |      11 |   0.0 |   186
               +---------+---------+-------+---------+---------+-------+---------
